 Dungeon Crawl Stone Soup version 0.16.2-14-g7133f4a77c (webtiles) character file.

93080 faibistes the Eclecticist (level 15, 0/80 HPs)
             Began as a Deep Elf Wizard on Oct 29, 2021.
             Was the Champion of Sif Muna.
             Slain by a deep elf knight
             ... wielding a +1 scimitar of slicing
              (11 damage)
             ... on level 2 of the Elven Halls on Nov 2, 2021.
             The game lasted 02:55:18 (44852 turns).

faibistes the Eclecticist (Deep Elf Wizard)        Turns: 44852, Time: 02:55:19

Health: 0/80       AC: 12    Str:  4    XL:     15   Next: 59%
Magic:  31/48      EV: 18    Int: 30    God:    Sif Muna [******]
Gold:   1130       SH:  0    Dex: 13    Spells: 12 memorised, 4 levels left

rFire  . . .     SeeInvis .     (no weapon)
rCold  . . .     Clarity  .     s - +2 robe {MR+}
rNeg   . . .     SustAb   .     (no shield)
rPois  +         Gourm    .     c - +2 helmet
rElec  .         Spirit   .     Z - +0 cloak {rPois}
rCorr  .         Warding  .     V - +1 pair of gloves
rMut   .         Stasis   .     k - +1 pair of boots {Stlth+}
MR     ++...                    (no amulet)
Stlth  +++.......               q - ring of wizardry
                                p - ring of magical power

@: repel missiles, very resistant to hostile enchantments, fairly stealthy
A: wild magic 1
a: Channel Energy, Forget Spell, Renounce Religion


You were on level 2 of the Elven Halls.
You worshipped Sif Muna.
Sif Muna was exalted by your worship.
You were not hungry.

You visited 5 branches of the dungeon, and saw 29 of its levels.

You collected 2346 gold pieces.
You spent 1216 gold pieces at shops.

Inventory:

Armour
 c - a +2 helmet (worn)
 k - a +1 pair of boots of stealth (worn)
 s - a +2 robe of magic resistance (worn)
 V - a +1 pair of gloves (worn)
 Z - a +0 cloak of poison resistance (worn)
Jewellery
 b - the ring of Zin's Displeasure {rPois rC+ Stlth+}
   (You found it on level 12 of the Dungeon)

   [ring of protection from cold]

   It protects you from cold.
   It protects you from poison.
   It makes you more stealthy.
 p - a ring of magical power (left hand)
 q - a ring of wizardry (right hand)
 B - an uncursed ring of positive energy
 M - an uncursed ring of fire
 U - an uncursed ring of flight
Magical devices
 a - a wand of teleportation (5)
 l - a wand of digging (10)
 y - a wand of slowing (27)
 C - a wand of heal wounds (6)
 E - a wand of teleportation (2)
 H - a wand of polymorph (11)
 J - a wand of confusion (17) (quivered)
 K - a wand of cold (5)
 L - a wand of draining (3)
 R - a wand of paralysis (17)
 S - a wand of fire (10)
 W - a wand of lightning (10)
 Y - a wand of draining (9)
Scrolls
 e - 6 scrolls of magic mapping
 h - 9 scrolls of remove curse
 n - 4 scrolls of identify
 r - 11 scrolls of teleportation
 v - 2 scrolls of immolation
 w - 4 scrolls of blinking
 x - 3 scrolls of recharging
 D - a scroll of enchant weapon
 Q - 4 scrolls of fear
 T - 3 scrolls of fog
Potions
 f - a potion of magic
 g - 2 potions of haste
 i - a potion of resistance
 j - 6 potions of curing
 o - a potion of invisibility
 t - a potion of brilliance
 z - 2 potions of ambrosia
 A - a potion of flight
 F - a potion of heal wounds
 G - a potion of cancellation
 I - 4 potions of restore abilities
 X - a potion of cure mutation
Comestibles
 d - 12 bread rations
 m - 11 meat rations
 u - 15 beef jerkies
 N - a chunk of flesh
 P - 26 fruits


   Skills:
 - Level 4.1 Fighting
 - Level 10.5 Dodging
 - Level 2.4 Stealth
 * Level 16.1 Spellcasting
 * Level 11.8 Conjurations
   Level 5.6 Summonings
 - Level 5.0 Translocations
   Level 4.5 Transmutations
 * Level 11.8 Fire Magic
 - Level 3.9 Air Magic
 * Level 11.7 Earth Magic
 - Level 2.3 Poison Magic
 + Level 8.4 Invocations
 - Level 9.8 Evocations


You had 4 spell levels left.
You knew the following spells:

 Your Spells              Type           Power        Failure   Level  Hunger
a - Magic Dart            Conj           ####         1%          1    None
b - Conjure Flame         Conj/Fire      #######.     1%          3    None
c - Airstrike             Air            ######....   4%          4    None
d - Blink                 Tloc           N/A          1%          2    None
e - Mephitic Cloud        Conj/Pois/Air  ######..     1%          3    None
f - Repel Missiles        Chrm/Air       ######       1%          2    None
g - Animate Skeleton      Necr           N/A          2%          1    None
k - Iron Shot             Conj/Erth      #######...   2%          6    ###....
l - Lee's Rapid Deconstr  Erth           #######...   1%          5    None
v - Bolt of Fire          Conj/Fire      #######...   2%          6    ###....
x - Iskenderun's Mystic   Conj           #######.     1%          4    None
z - Fireball              Conj/Fire      #######...   1%          5    None


Dungeon Overview and Level Annotations

Branches:
Dungeon (14/15)            Temple (1/1) D:4            Lair (8/8) D:10
 Shoals (0/5) Lair:4        Snake (0/5) Lair:6        Slime (0/6) Lair:6
    Orc (4/4) D:12            Elf (2/3) Orc:4
 Vaults: D:13-14

Altars:
Ashenzari
Cheibriados
Dithmenos
Elyvilon
Fedhas
Gozag
Kikubaaqudgha
Makhleb
Nemelex Xobeh
Okawaru
Qazlal
Ru
Sif Muna
Trog
Vehumet
Xom
Yredelemnul
Zin
The Shining One
Lugonu

Shops:
D:10 [   Orc:4 [?[:   Elf:1 %

Portals:
Abyss: Elf:1
Trove: D:11 (give 19 scrolls of identify)

Annotations:
Elf:2 Jorgrun


Innate Abilities, Weirdness & Mutations

Your spells are a little harder to cast, but a little more powerful.


Message History

Aiming: Iron Shot
Press: ? - help, Shift-Dir - straight line, f/p - Jorgrun
Aim: Jorgrun, wielding a staff of earth and wearing a robe (moderately wounded)
The iron shot hits Jorgrun.
Jorgrun is heavily wounded.
The deep elf knight hits you with a scimitar of slicing.
Jorgrun hits you with a staff of earth. Jorgrun crushes you!
Casting: Iron Shot
Confirm with . or Enter, or press ? or * to list all spells.
Aiming: Iron Shot
Press: ? - help, Shift-Dir - straight line, f/p - Jorgrun
Aim: Jorgrun, wielding a staff of earth and wearing a robe (heavily wounded)
The iron shot hits Jorgrun.
Jorgrun is almost dead.
The deep elf fighter hits you with a long sword!
The deep elf priest invokes the aid of its god against you.
Something smites you!
* * * LOW HITPOINT WARNING * * *
The deep elf knight hits you with a scimitar of slicing!
You die...

### ######
#...##....#####
#.............#
#..........(..#
#......geee..>#
#.....e@e.....#
############+##


You could see Jorgrun, a deep elf knight, 2 deep elf priests, a deep elf fighter
and a deep elf mage.

Vanquished Creatures
  Saint Roka (Orc:4)
  Nikola (Elf:1)
  A deep elf sorcerer (Elf:1)
  A deep elf demonologist (Elf:1)
  Azrael (Elf:1)
  Snorg (Lair:3)
  Josephine (D:11)
  A deep elf high priest (Elf:1)
  2 hydras
  Fannar (Orc:2)
  Harold (Lair:4)
  2 centaur warriors
  An ogre mage (Orc:4)
  15 death yaks
  Erolcha (D:10)
  2 deep elf knights (Elf:1)
  2 deep trolls
  4 unseen horrors
  6 hill giants
  3 orc knights
  Pikel (D:5)
  A deep elf conjurer (Elf:1)
  3 black mambas
  2 orc sorcerers
  A griffon (Lair:8)
  A siren (Lair:4)
  2 cyclopes (Orc:4)
  10 elephants
  A torpor snail (Lair:7)
  Psyche (Orc:1)
  19 spiny frogs
  4 komodo dragons
  A fire drake (Lair:7)
  A death yak skeleton (Lair:6)
  3 deep elf priests (Elf:1)
  A dryad (Lair:3)
  4 polar bears (Lair:6)
  Sonja (D:12)
  7 trolls
  Grinder (D:4)
  Prince Ribbit (D:5)
  A slime creature (D:13)
  4 two-headed ogres
  A giant leech (Lair:8)
  A boulder beetle (Lair:8)
  13 blink frogs
  A raven (Lair:7)
  6 deep elf magi (Elf:1)
  A basilisk (Lair:7)
  4 wyverns
  A griffon skeleton (Lair:8)
  36 yaks
  3 fire elementals (Elf:1)
  3 wraiths (D:10)
  5 vampire mosquitoes
  Eustachio (Orc:1)
  3 fire bats (Lair:4)
  15 wolves
  3 wargs
  6 hippogriffs
  A hill giant skeleton (D:12)
  Edmund (D:4)
  2 electric eels (Lair:8)
  17 water moccasins
  2 hell hounds (Elf:1)
  2 ice beasts
  A black bear (D:8)
  2 porcupines
  19 orc warriors
  5 phantoms
  4 slaves
  26 ogres
  2 sky beasts
  An elephant skeleton (Lair:8)
  An eye of draining (D:12)
  A blink frog skeleton (Lair:1)
  5 centaurs
  Sigmund (D:3)
  Duvessa (D:7)
  15 crocodiles
  4 big kobolds
  A brain worm (Lair:7)
  28 giant frogs
  A troll skeleton (Lair:3)
  2 scorpions
  11 killer bees
  2 water moccasin skeletons
  9 wights
  2 polar bear skeletons (Lair:6)
  2 lava snakes (Lair:4)
  Dowan (D:7)
  2 yak skeletons
  2 giant frog zombies
  A gnoll shaman (D:7)
  5 crimson imps
  14 hounds
  2 wolf skeletons (Lair:3)
  4 giant frog skeletons
  11 jellies
  9 iguanas
  13 orc priests
  22 orc wizards
  A hell rat (Lair:1)
  15 worker ants
  2 two-headed ogre skeletons
  10 sheep
  A porcupine skeleton (Lair:6)
  Ijyb (D:2)
  A hound zombie (D:4)
  3 hound skeletons
  18 gnolls
  52 river rats
  A worker ant zombie (D:10)
  37 adders
  2 shadow imps
  A giant mite (D:2)
  An ufetubus (Orc:1)
  A worm (D:2)
  2 adder skeletons
  An adder zombie (D:6)
  8 giant geckos
  2 oozes (Lair:6)
  174 orcs
  19 bats
  A bat skeleton (D:6)
  6 giant cockroaches
  23 hobgoblins
  18 quokkas
  A ball python (D:2)
  A giant cockroach zombie (D:5)
  4 giant newts
  2 giant spores (D:12)
  24 goblins
  A goblin skeleton (Orc:4)
  9 jackals
  A jackal zombie (D:8)
  41 kobolds
  A kobold skeleton (D:9)
  2 orc skeletons (D:12)
  A quokka zombie (D:5)
  15 rats
  A rat skeleton (Lair:1)
  4 river rat skeletons
  5 ballistomycetes (D:12)
  A butterfly (Lair:1)
  A fungus (Elf:1)
  A plant (D:4)
996 creatures vanquished.

Vanquished Creatures (collateral kills)
  Rupert (Lair:6)
  Louise (Elf:1)
  An ogre mage (Orc:3)
  A death yak (Lair:6)
  A lindwurm (Lair:6)
  A griffon (Lair:8)
  7 elephants
  2 spiny frogs
  2 komodo dragons (Lair:3)
  A giant leech (Lair:8)
  A troll (Orc:3)
  4 polar bears (Lair:6)
  A raven (Lair:7)
  7 blink frogs
  2 two-headed ogres (Orc:3)
  9 yaks
  A deep elf fighter (Elf:1)
  A wraith (D:10)
  2 electric eels (Lair:8)
  A warg (Orc:4)
  3 hippogriffs
  A vampire mosquito (Lair:8)
  8 wolves
  An ice beast (D:9)
  3 porcupines
  5 orc warriors
  4 water moccasins
  3 ogres
  2 crocodiles
  8 giant frogs
  A killer bee (D:9)
  A hound (Lair:6)
  5 orc priests
  3 orc wizards
  A hell rat (Lair:1)
  2 iguanas
  12 sheep
  18 river rats
  31 orcs
  A hobgoblin (Orc:3)
  2 jackals (D:10)
  2 kobolds (D:9)
  A quokka (Lair:4)
  A hobgoblin skeleton (Orc:2)
  2 orc skeletons (Orc:2)
  A rat (Lair:1)
  A bush (Lair:4)
  24 fungi
  10 plants
204 creatures vanquished.

Vanquished Creatures (others)
  2 death yak skeletons
  A black mamba skeleton (Lair:1)
  2 elf skeletons (Elf:1)
  A hill giant skeleton (Orc:4)
  A raven skeleton (Lair:7)
  8 spiny frog skeletons
  3 lightning spires
  3 elephant skeletons
  A lindwurm skeleton (Lair:6)
  3 human skeletons
  8 blink frog skeletons
  A wyvern skeleton (Lair:2)
  3 water moccasin skeletons
  A cyclops skeleton (Orc:4)
  10 yak skeletons
  7 troll skeletons
  2 hippogriff skeletons (Lair:8)
  3 polar bear skeletons (Lair:6)
  7 wolf skeletons
  A centaur skeleton (D:10)
  12 giant frog skeletons
  A two-headed ogre skeleton (Orc:4)
  A big kobold skeleton (D:9)
  12 ogre skeletons
  4 crocodile skeletons
  3 hound skeletons
  5 adder skeletons
  2 iguana skeletons
  7 sheep skeletons
  37 orc skeletons
  A giant gecko skeleton (D:9)
  A goblin skeleton (Orc:4)
  A hobgoblin skeleton (Orc:1)
  A jackal skeleton (D:10)
  5 kobold skeletons
  4 quokka skeletons
  A rat skeleton (Lair:1)
  16 river rat skeletons
  24 fungi
  18 plants
  2 snaplasher vines
  507 snaplasher vine segments
733 creatures vanquished.

Grand Total: 1933 creatures vanquished

Notes
Turn   | Place    | Note
--------------------------------------------------------------
     0 | D:1      | faibistes, the Deep Elf Wizard, began the quest for the Orb.
     0 | D:1      | Reached XP level 1. HP: 10/10 MP: 6/6
   248 | D:1      | Reached XP level 2. HP: 15/15 MP: 7/10
   271 | D:1      | Learned a level 2 spell: Blink
   274 | D:1      | Learned a level 2 spell: Call Imp
   469 | D:2      | Found a shimmering altar of Xom.
   630 | D:1      | Reached skill level 5 in Spellcasting
   886 | D:2      | Reached XP level 3. HP: 15/19 MP: 6/14
   891 | D:2      | Learned a level 3 spell: Conjure Flame
   895 | D:2      | Learned a level 3 spell: Mephitic Cloud
   967 | D:2      | Found an ancient bone altar of Kikubaaqudgha.
  1001 | D:2      | Found a stormy altar of Qazlal.
  1118 | D:2      | Noticed Ijyb
  1247 | D:2      | Killed Ijyb
  1405 | D:2      | Reached XP level 4. HP: 24/24 MP: 9/17
  1477 | D:2      | Learned a level 2 spell: Repel Missiles
  1836 | D:2      | Reached skill level 6 in Spellcasting
  2143 | D:2      | Reached XP level 5. HP: 28/28 MP: 20/20
  2253 | D:3      | Noticed Sigmund
  2442 | D:3      | Killed Sigmund
  2695 | D:3      | Reached XP level 6. HP: 32/32 MP: 22/22
  3424 | D:4      | Found a staircase to the Ecumenical Temple.
  3434 | D:4      | Noticed a phantom
  3438 | Temple   | Entered the Ecumenical Temple
  3748 | D:4      | Reached skill level 7 in Spellcasting
  3773 | D:4      | Killed a phantom
  4117 | D:4      | Found a basalt altar of Yredelemnul.
  4310 | D:4      | Reached XP level 7. HP: 33/36 MP: 17/25
  4502 | D:5      | Entered Level 5 of the Dungeon
  4506 | D:6      | Noticed Pikel
  4605 | D:5      | Reached skill level 5 in Dodging
  4605 | D:5      | Reached skill level 1 in Evocations
  5307 | D:4      | Found a snail-covered altar of Cheibriados.
  5386 | D:4      | Noticed Edmund
  5394 | D:4      | Killed Edmund
  5430 | D:4      | Found a shattered altar of Ashenzari.
  5444 | D:4      | Noticed Grinder
  5455 | D:4      | Killed Grinder
  5455 | D:4      | Reached XP level 8. HP: 35/41 MP: 25/27
  5534 | D:4      | Reached skill level 5 in Evocations
  6210 | D:4      | Found a radiant altar of Vehumet.
  6211 | D:4      | Found a burning altar of Makhleb.
  6763 | D:5      | Noticed Prince Ribbit
  6784 | D:5      | Killed Prince Ribbit
  7077 | D:5      | Reached skill level 8 in Dodging
  7544 | D:5      | Killed Pikel
  7544 | D:5      | Reached skill level 9 in Dodging
  7544 | D:5      | Reached XP level 9. HP: 45/45 MP: 20/28
  7833 | D:5      | Learned a level 3 spell: Stone Arrow
  8246 | D:6      | Found a sparkling altar of Nemelex Xobeh.
  8605 | D:6      | Got a jewelled long sword
  9054 | D:7      | Reached skill level 10 in Dodging
  9491 | D:7      | Noticed Duvessa
  9491 | D:7      | Noticed Dowan
  9525 | D:7      | Killed Duvessa
  9535 | D:7      | Killed Dowan
  9698 | D:7      | Reached skill level 1 in Fighting
 10785 | D:7      | Reached XP level 10. HP: 56/56 MP: 12/29
 11320 | D:8      | Found a deep blue altar of Sif Muna.
 11327 | D:8      | Became a worshipper of Sif Muna the Loreminder
 11589 | D:8      | Identified Sif Muna's Compendium of Evil
 11595 | D:8      | Learned a level 1 spell: Animate Skeleton
 11659 | D:8      | Reached skill level 1 in Air Magic
 11883 | D:8      | Reached skill level 1 in Poison Magic
 12471 | D:8      | Acquired Sif Muna's first power
 13957 | D:10     | Entered Level 10 of the Dungeon
 13992 | D:9      | Gained mutation: Your spells are a little harder to cast, but a little more powerful. [potion of beneficial mutation]
 14107 | D:10     | Found a shimmering altar of Xom.
 14125 | D:9      | Identified a scroll of acquirement
 14257 | D:9      | Acquired Sif Muna's second power
 14263 | D:9      | Reached skill level 1 in Earth Magic
 14264 | D:9      | Reached skill level 1 in Fire Magic
 14383 | D:10     | Reached skill level 10 in Spellcasting
 14392 | D:10     | Reached skill level 1 in Invocations
 14805 | D:11     | Noticed Josephine
 15057 | D:10     | Found a staircase to the Lair.
 15067 | Lair:1   | Entered Level 1 of the Lair of Beasts
 15080 | Lair:1   | Reached XP level 11. HP: 49/61 MP: 30/32
 15865 | Lair:1   | Reached skill level 5 in Conjurations
 16022 | Lair:1   | Noticed a black mamba
 16040 | Lair:1   | Killed a black mamba
 16165 | Lair:1   | Acquired Sif Muna's third power
 16165 | Lair:1   | Reached skill level 5 in Summonings
 16166 | Lair:1   | Reached skill level 11 in Spellcasting
 18483 | Lair:3   | Reached skill level 5 in Fire Magic
 18551 | Lair:3   | Learned a level 5 spell: Summon Forest
 18557 | Lair:3   | Reached skill level 5 in Earth Magic
 18906 | Lair:3   | Noticed Snorg
 18916 | Lair:3   | Killed Snorg
 19128 | Lair:3   | Reached XP level 12. HP: 66/66 MP: 24/34
 19132 | Lair:3   | Your ally Snorg died
 19617 | Lair:3   | Reached skill level 5 in Translocations
 20572 | Lair:4   | Found a staircase to the Shoals.
 21198 | Lair:4   | Noticed Harold
 21207 | Lair:4   | Killed Harold
 21207 | Lair:4   | Reached skill level 12 in Spellcasting
 21427 | Lair:6   | Received a gift from Sif Muna
 21428 | Lair:6   | Identified Sif Muna's Volume of Flamy Confrontation (Sif Muna gifted it to you on level 6 of the Lair of Beasts)
 21485 | Lair:5   | Learned a level 5 spell: Ignite Poison
 21797 | Lair:4   | Reached skill level 1 in Transmutations
 22011 | Lair:4   | Your ally Harold died
 23240 | Lair:6   | Found a staircase to the Snake Pit.
 23600 | Lair:6   | Identified Gheunoj's Compendium of the Mutagenic Arsonist
 23741 | Lair:6   | Noticed Rupert
 23754 | Lair:6   | Killed Rupert
 23754 | Lair:6   | Reached XP level 13. HP: 70/70 MP: 33/36
 24063 | Lair:6   | Found a burning altar of Makhleb.
 24609 | Lair:6   | Received a gift from Sif Muna
 24609 | Lair:6   | Reached skill level 5 in Invocations
 24610 | Lair:6   | Identified Alistair's Compendium of Poison and Confrontation (Sif Muna gifted it to you on level 6 of the Lair of Beasts)
 24619 | Lair:6   | Reached skill level 13 in Spellcasting
 25169 | Lair:6   | Found a staircase to the Slime Pits.
 26545 | Lair:8   | Entered Level 8 of the Lair of Beasts
 27361 | Lair:8   | Received a gift from Sif Muna
 27367 | Lair:8   | Identified Sif Muna's Almanac of Feathery Shape Shifting (Sif Muna gifted it to you on level 8 of the Lair of Beasts)
 27373 | Lair:8   | Learned a level 4 spell: Summon Lightning Spire
 27933 | Lair:8   | Reached skill level 14 in Spellcasting
 27965 | Lair:8   | Reached XP level 14. HP: 62/76 MP: 27/38
 30037 | Lair:8   | Reached skill level 10 in Fire Magic
 30899 | Lair:8   | Reached skill level 10 in Conjurations
 31511 | D:10     | Noticed Erolcha
 31520 | D:10     | Killed Erolcha
 31754 | D:10     | Killed an unseen horror
 31754 | D:10     | Received a gift from Sif Muna
 31754 | D:10     | Reached skill level 10 in Earth Magic
 31762 | D:10     | Learned a level 5 spell: Bolt of Magma
 31769 | D:10     | Learned a level 6 spell: Iron Shot
 31832 | Lair:2   | Learned a level 4 spell: Iskenderun's Mystic Blast
 32546 | D:10     | Found Thoenel's Antique Armour Emporium.
 32554 | D:10     | Bought a shiny helmet for 126 gold pieces
 32860 | D:10     | Killed an unseen horror
 33040 | D:10     | Noticed a centaur warrior
 33049 | D:10     | Killed a centaur warrior
 33413 | D:11     | Killed Josephine
 33499 | D:12     | Found a shimmering altar of Xom.
 33807 | D:11     | Killed an unseen horror
 33942 | D:11     | Found a portal to a secret trove of treasure.
 33974 | D:11     | Reached skill level 15 in Spellcasting
 34714 | D:12     | Found a shimmering altar of Xom.
 34714 | D:12     | Found a shimmering altar of Xom.
 34714 | D:12     | Found a shimmering altar of Xom.
 34714 | D:12     | Found a shimmering altar of Xom.
 34714 | D:12     | Found a shimmering altar of Xom.
 34715 | D:12     | Found a shimmering altar of Xom.
 34715 | D:12     | Found a shimmering altar of Xom.
 34715 | D:12     | Found a shimmering altar of Xom.
 35012 | D:12     | Found a staircase to the Orcish Mines.
 35065 | D:12     | Noticed Sonja
 35071 | D:12     | Killed Sonja
 35280 | D:12     | Got a wavering silver ring
 35282 | D:12     | Identified the ring of Zin's Displeasure {rPois rC+ Stlth+} (You found it on level 12 of the Dungeon)
 36509 | Orc:1    | Entered Level 1 of the Orcish Mines
 36515 | Orc:1    | Noticed Eustachio
 36646 | Orc:1    | Killed Eustachio
 36859 | Orc:4    | Entered Level 4 of the Orcish Mines
 36960 | Orc:1    | Noticed Psyche
 36964 | Orc:1    | Killed Psyche
 37500 | Orc:2    | Noticed Fannar
 37506 | Orc:2    | Killed Fannar
 38272 | Orc:1    | Your ally Eustachio died
 38794 | Orc:4    | Found Klutt's Armour Shop.
 40315 | Orc:3    | Found a bloodstained altar of Trog.
 40770 | Orc:3    | Reached XP level 15. HP: 80/80 MP: 30/39
 41708 | Orc:4    | Found a staircase to the Elven Halls.
 41825 | Orc:4    | Found Gacloggaoli's Armour Boutique.
 42106 | Orc:4    | Found Qiac's Magic Scroll Shoppe.
 42116 | Orc:4    | Found Plog's Book Shop.
 42288 | Orc:4    | Noticed Saint Roka
 42397 | Orc:4    | Bought a book of Geomancy for 350 gold pieces
 42397 | Orc:4    | Bought a book of Fire for 650 gold pieces
 42405 | Orc:4    | Learned a level 6 spell: Bolt of Fire
 42413 | Orc:4    | Learned a level 5 spell: Fireball
 42446 | Orc:4    | HP: 1/80 [Saint Roka/long sword (27)]
 42796 | Orc:4    | Killed Saint Roka
 42796 | Orc:4    | Received a gift from Sif Muna
 42807 | Orc:4    | Learned a level 5 spell: Lee's Rapid Deconstruction
 42964 | Orc:4    | Bought 2 scrolls of identify for 60 gold pieces
 42964 | Orc:4    | Bought a scroll of identify for 30 gold pieces
 43370 | Elf:1    | Entered Level 1 of the Elven Halls
 43370 | Elf:1    | Noticed Azrael
 43373 | Elf:1    | Noticed Nikola
 43379 | Elf:1    | Killed Azrael
 43525 | Elf:1    | Killed Nikola
 43676 | Lair:2   | Learned a level 4 spell: Airstrike
 43841 | Elf:1    | Found Secsig's Food Shop.
 43957 | Elf:1    | Noticed Louise
 43965 | Elf:1    | Killed Louise
 43965 | Elf:1    | Reached skill level 16 in Spellcasting
 44079 | Elf:1    | Your ally Nikola died
 44468 | Elf:1    | Found a corrupted altar of Lugonu.
 44523 | Elf:1    | Found a one-way gate to the infinite horrors of the Abyss.
 44849 | Elf:2    | Noticed Jorgrun
 44852 | Elf:2    | Slain by a deep elf knight

Action                   |  1- 3 |  4- 6 |  7- 9 | 10-12 | 13-15 || total
-------------------------+-------+-------+-------+-------+-------++-------
Melee: Unarmed           |     2 |     3 |    59 |    18 |     7 ||    89
 Cast: Magic Dart        |    61 |   185 |   564 |   329 |    79 ||  1218
       Mephitic Cloud    |     5 |    14 |    27 |    39 |    35 ||   120
       Conjure Flame     |     3 |    10 |    35 |    73 |    69 ||   190
       Repel Missiles    |       |     1 |       |     1 |     1 ||     3
       Blink             |       |     4 |    19 |    27 |    19 ||    69
       Stone Arrow       |       |       |       |   317 |   203 ||   520
       Animate Skeleton  |       |       |       |   116 |   187 ||   303
       Summon Forest     |       |       |       |    10 |     9 ||    19
       Ignite Poison     |       |       |       |       |    72 ||    72
       Iskenderun's Myst |       |       |       |       |   189 ||   189
       Bolt of Magma     |       |       |       |       |   167 ||   167
       Summon Lightning  |       |       |       |       |    10 ||    10
       Bolt of Fire      |       |       |       |       |    27 ||    27
       Fireball          |       |       |       |       |    24 ||    24
       Iron Shot         |       |       |       |       |    11 ||    11
       Lee's Rapid Decon |       |       |       |       |     6 ||     6
Invok: Channel Energy    |       |       |       |    20 |   126 ||   146
       Forget Spell      |       |       |       |       |     5 ||     5
Evoke: Wand              |       |       |     2 |     1 |     1 ||     4
  Use: Scroll            |       |       |    11 |    15 |    16 ||    42
       Potion            |       |       |       |     6 |    11 ||    17
  Eat: Chunk             |     2 |     8 |    20 |    38 |    67 ||   135
       Bread ration      |       |       |       |     1 |     2 ||     3
       Royal jelly       |       |       |       |       |     1 ||     1
       Pizza             |       |       |       |       |     4 ||     4
       Fruit             |       |       |       |       |     2 ||     2
